 Dungeon Crawl Stone Soup version 0.24-a0-434-gd57e52fea8 (webtiles) character file.

Game seed: 7113496113918011975

105 theanonym the Cutter (level 4, -2/30 HPs)
             Began as a Mummy Enchanter on June 15, 2019.
             Slain by Grinder (8 damage)
             ... while paralysed by Grinder
             ... on level 3 of the Dungeon.
             The game lasted 00:02:36 (2979 turns).

theanonym the Cutter (Mummy Enchanter)              Turns: 2979, Time: 00:02:37

Health: -2/30      AC:  8    Str: 12    XL:     4   Next: 53%
Magic:  8/8        EV:  2    Int: 14    God:
Gold:   158        SH:  0    Dex: 12    Spells: 7/8 levels left

rFire    x . .     SeeInvis .   i - +0 short sword
rCold    + + .     Gourm    .   (no shield)
rNeg     + + +     Faith    .   c - +3 ring mail {rC+}
rPois    ∞         Spirit   .   (no helmet)
rElec    .         Reflect  .   (no cloak)
rCorr    .         Harm     .   (no gloves)
MR       .....                  (no boots)
Stlth    +.........             (no amulet)
HPRegen  0.10/turn              (no ring)
MPRegen  0.11/turn              (no ring)

@: paralysed
A: no food or potions, fire vulnerability, cold resistance 1, negative energy
resistance 3, torment resistance, unbreathing
a: no special abilities


Innate Abilities, Weirdness & Mutations

You do not eat or drink.
Your flesh is vulnerable to fire.
You are immune to poison.
Your flesh is cold resistant. (rC+)
You are immune to negative energy. (rN+++)
You are immune to unholy pain and torment.
You can survive without breathing.


   Skills:
 + Level 3.6 Short Blades
 - Level 1.5 Dodging
 - Level 2.4 Stealth
 - Level 2.6 Spellcasting
 - Level 2.6 Hexes


You had 7 spell levels left.
You knew the following spells:

 Your Spells              Type           Power        Failure   Level  Hunger
a - Corona                Hex            #......      17%         1    N/A

Your spell library contained the following spells:

 Spells                   Type           Power        Failure   Level  Hunger
 Ensorcelled Hibernation  Hex/Ice        #.....       41%         2    N/A
 Confuse                  Hex            #.......     45%         3    N/A
 Tukima's Dance           Hex            #.......     45%         3    N/A
 Dazzling Spray           Conj/Hex       #.....       65%         3    N/A

Skill      XL: |  1  2  3 |
---------------+----------+-----
Short Blades   | 1 2 3 |  3.6
Dodging        | |  1.5
Stealth        | |  2.4
Spellcasting   | |  2.6
Hexes          | |  2.6

Action                   |  1- 3 |  4- 6 || total
-------------------------+-------+-------++-------
Melee: Dagger            |   202 |       ||   202
       Short sword       |     2 |    52 ||    54
 Stab: Sleeping          |     1 |       ||     1
Armor: Ring mail         |    80 |    30 ||   110
       Robe              |     1 |       ||     1
Dodge: Dodged            |    83 |    33 ||   116

Inventory:

Hand Weapons
 a - a +1 dagger
 i - a +0 short sword (weapon)
Armour
 b - a +0 robe
 c - a +3 ring mail of cold resistance (worn)
 g - a +0 chain mail
Scrolls
 d - a scroll of enchant weapon {unknown}
 e - 3 scrolls of identify {unknown}
 f - a scroll of blinking {unknown}
 h - 2 scrolls of fear {unknown}


You were on level 3 of the Dungeon.
You were not hungry.

You visited 1 branch of the dungeon, and saw 3 of its levels.

You collected 158 gold pieces.

Dungeon Overview and Level Annotations

Branches:
Dungeon (3/15)

Altars:

Annotations:
D:3 Grinder

############# #...w@5.<...#
#.#########.# ####
#.#.......#.# #...
#.........#.#######.##
########.#######.#.........
............)....#.####...#
#.......#########.# #...#
+......5####### #.# #...#
#..........>..# #.# #...#


You could see Grinder and a dart slug.

Notes
Turn   | Place    | Note
-------+----------+-------------------------------------------
     0 | D:1      | theanonym the Mummy Enchanter began the quest for the Orb.
     0 | D:1      | Reached XP level 1. HP: 13/13 MP: 4/4
    24 | D:1      | Reached skill level 1 in Short Blades
   373 | D:1      | Reached XP level 2. HP: 12/19 MP: 5/5
   886 | D:1      | Reached skill level 2 in Short Blades
  1403 | D:2      | Reached XP level 3. HP: 21/24 MP: 7/7
  2062 | D:2      | Reached skill level 3 in Short Blades
  2625 | D:3      | Reached XP level 4. HP: 30/30 MP: 8/8
  2682 | D:3      | HP: 15/30 [worm (1)]
  2861 | D:3      | Noticed Jessica
  2868 | D:3      | Killed Jessica
  2927 | D:3      | Noticed Grinder
  2938 | D:3      | Paralysed by Grinder for 2 turns
  2960 | D:3      | Paralysed by Grinder for 5 turns
  2974 | D:3      | Paralysed by Grinder for 6 turns
  2976 | D:3      | HP: 15/30 [Grinder (4)]
  2978 | D:3      | HP: 6/30 [Grinder (2)]
  2979 | D:3      | Slain by Grinder

Vanquished Creatures
  Jessica (D:3)
  2 adders (D:2)
  An ooze (D:2)
  3 worms
  An orc (D:3)
  2 giant cockroaches
  11 goblins
  5 hobgoblins
  3 jackals (D:3)
  A quokka (D:2)
  A ball python (D:1)
  3 bats
  4 frilled lizards
  3 kobolds
  5 rats
46 creatures vanquished.

Table legend:
 A = Turns spent in this place as a percentage of turns spent in the entire game.
 B = Non-inter-level travel turns spent in this place as a percentage of non-inter-level travel turns spent in the entire game.
 C = Inter-level travel turns spent in this place as a percentage of turns spent in this place.
 D = Turns resting spent in this place as a percentage of non-inter-level travel turns spent in this place.
 E = Turns spent auto-exploring this place as a percentage of non-inter-level travel turns spent in this place.
 F = Non-inter-level travel turns spent in this place divided by the number of levels of this place that you've seen.
                   A       B       C       D       E      F
               +-------+-------+-------+-------+-------+----------------------
         Total | 100.0 | 100.0 |   3.8 |  33.4 |  48.3 | 955.7
       Dungeon | 100.0 | 100.0 |   3.8 |  33.4 |  48.3 | 955.7
               +-------+-------+-------+-------+-------+----------------------
